General information
			
			
        
        - name: BNet
 
        - type: Ladder 1vs1/FFA
 
        - host: Battle.net
 
        - saver: xXxBROLYxXx
 
        
map: LostTemple 
        - players: 2
 
        - length: 52:48
 
        - speed: Fast
 - version: 1.22 W3XP
 - replay type:  Public
 
» download(133 KB)
Players
        team 1 (winner) 
              
              
xXxBROLYxXx (
red | 43 APM | 2276 actions | 52:48)
              
 4 Archmage 
 2 Blizzard
 2 Brilliance Aura
 4 Blood Mage 
 2 Flame Strike
 2 Siphon Mana
 
                » actions 
                
                | Assign group hotkey | 2 |  | 
| Basic commands | 20 |  | 
| Build / train | 98 |  | 
| Enter build submenu | 61 |  | 
| Enter hero's abilities submenu | 9 |  | 
| Remove unit from queue | 1 |  | 
| Right click | 1164 |  | 
| Select / deselect | 738 |  | 
| Use ability | 183 |  | 
                2276 total
 » units 
                
                | Peasant | 15 |  | 
| Priest | 3 |  | 
| Mortar Team | 10 |  | 
| Sorceress | 5 |  | 
| Dragonhawk Rider | 7 |  | 
                40 total
 » upgrades
                
                | Masonry | 3 |  | 
| Sorceress Training | 2 |  | 
| Gunpowder | 3 |  | 
| Fragmentation Shards | 1 |  | 
| Magic Sentry | 1 |  | 
| Flare | 1 |  | 
| Priest Training | 1 |  | 
| Armor | 1 |  | 
                13 total
 » buildings
                
                | Lumber Mill | 1 |  | 
| Altar of Kings | 1 |  | 
| Farm | 7 |  | 
| Scout Tower | 34 |  | 
| Guard Tower | 23 |  | 
| Arcane Tower | 1 |  | 
| Arcane Vault | 2 |  | 
| Keep | 2 |  | 
| Blacksmith | 1 |  | 
| Arcane Sanctum | 1 |  | 
| Workshop | 1 |  | 
| Castle | 1 |  | 
| Town Hall | 2 |  | 
| Gryphon Aviary | 2 |  | 
                79 total
 » build order
                00:07 Lumber Mill
00:19 Altar of Kings
00:30 Farm
01:07 Farm
01:26 Scout Tower
01:40 Scout Tower
01:49 Scout Tower
01:56 Guard Tower
02:07 Scout Tower
02:08 Arcane Tower
02:32 Arcane Vault
02:36 Guard Tower
02:39 Scout Tower
02:45 Scout Tower
02:47 Guard Tower
03:17 Guard Tower
03:34 Guard Tower
03:40 Scout Tower
03:43 Farm
03:50 Scout Tower
04:11 Guard Tower
04:13 Scout Tower
04:26 Keep
05:01 Guard Tower
05:03 Scout Tower
05:50 Guard Tower
06:11 Scout Tower
06:20 Blacksmith
06:48 Guard Tower
06:53 Arcane Sanctum
07:58 Workshop
08:09 Castle
09:23 Scout Tower
09:25 Scout Tower
09:49 Arcane Vault
10:08 Farm
10:16 Guard Tower
10:18 Farm
12:21 Scout Tower
12:25 Scout Tower
13:42 Scout Tower
15:18 Guard Tower
15:23 Scout Tower
16:09 Farm
17:51 Scout Tower
17:53 Guard Tower
20:41 Farm
20:46 Guard Tower
20:54 Guard Tower
25:03 Scout Tower
25:10 Scout Tower
25:43 Guard Tower
29:22 Town Hall
30:46 Scout Tower
30:47 Scout Tower
30:49 Scout Tower
30:53 Scout Tower
31:17 Guard Tower
31:23 Guard Tower
31:26 Scout Tower
31:28 Scout Tower
31:30 Guard Tower
32:14 Gryphon Aviary
32:17 Gryphon Aviary
34:11 Guard Tower
36:04 Scout Tower
36:06 Scout Tower
36:22 Scout Tower
36:23 Scout Tower
37:05 Guard Tower
37:12 Scout Tower
37:32 Guard Tower
38:12 Keep
42:12 Scout Tower
42:16 Scout Tower
42:21 Scout Tower
42:40 Guard Tower
42:49 Guard Tower
43:53 Town Hall
» items
                
                | Scroll of Regeneration | 2 |  | 
| Lesser Clarity Potion | 2 |  | 
| Potion of Healing | 1 |  | 
| Scroll of Town Portal | 2 |  | 
                7 total
  
               team 2 (loser) 
              
              
BrP.pro.gaming (
purple | 32 APM | 1685 actions | 52:44)
              
 5 Demon Hunter 
 3 Mana Burn
 2 Evasion
 
                » actions 
                
                | Assign group hotkey | 18 |  | 
| Basic commands | 23 |  | 
| Build / train | 91 |  | 
| Enter build submenu | 26 |  | 
| Enter hero's abilities submenu | 5 |  | 
| Give item / drop item | 1 |  | 
| Remove unit from queue | 4 |  | 
| Right click | 769 |  | 
| Select / deselect | 607 |  | 
| Select group hotkey | 71 |  | 
| Use ability | 70 |  | 
                1685 total
 » units 
                
                | Wisp | 24 |  | 
| Archer | 3 |  | 
| Huntress | 5 |  | 
| Glaive Thrower | 3 |  | 
| Druid of the Claw | 8 |  | 
| Mountain Giant | 5 |  | 
| Dryad | 5 |  | 
| Chimaera | 7 |  | 
                60 total
 » upgrades
                
                | Moon Armor | 1 |  | 
| Vorpal Blades | 1 |  | 
| Druid of the Claw Training | 2 |  | 
| Hardened Skin | 1 |  | 
| Resistant Skin | 1 |  | 
| Strength of the Wild | 3 |  | 
| Mark of the Claw | 1 |  | 
| Abolish Magic | 1 |  | 
| Corrosive Breath | 1 |  | 
| Reinforced Hides | 1 |  | 
                13 total
 » buildings
                
                | Altar of Elders | 1 |  | 
| Moon Well | 8 |  | 
| Ancient of War | 2 |  | 
| Hunter's Hall | 1 |  | 
| Tree of Ages | 2 |  | 
| Ancient of Lore | 2 |  | 
| Tree of Life | 2 |  | 
| Tree of Eternity | 2 |  | 
| Ancient of Wonders | 1 |  | 
| Ancient of Wind | 1 |  | 
| Chimaera Roost | 3 |  | 
| Ancient Protector | 1 |  | 
                26 total
 » build order
                00:10 Altar of Elders
00:21 Moon Well
00:31 Ancient of War
01:38 Moon Well
02:14 Hunter's Hall
02:45 Ancient of War
03:43 Moon Well
06:09 Moon Well
06:44 Tree of Ages
08:27 Moon Well
09:57 Ancient of Lore
10:38 Ancient of Lore
11:16 Tree of Life
11:25 Tree of Eternity
11:44 Ancient of Wonders
15:15 Moon Well
17:21 Moon Well
17:29 Moon Well
18:45 Tree of Life
25:03 Tree of Ages
27:29 Tree of Eternity
28:24 Ancient of Wind
29:59 Chimaera Roost
30:09 Chimaera Roost
32:00 Chimaera Roost
33:38 Ancient Protector
» items
                
                | Lesser Clarity Potion | 1 |  | 
| Moonstone | 1 |  | 
| Potion of Healing | 1 |  | 
| Orb of Venom | 1 |  | 
                4 total
  
                Chat log
          
(25:38 / All) BrP.pro.gaming: leave plz
(25:46 / All) xXxBROLYxXx: no you
(26:02 / All) BrP.pro.gaming: i am stronger
(26:16 / All) xXxBROLYxXx: THE STRENGTH IS STRONG WITH THIS ONE
(26:41 / All) BrP.pro.gaming: so what will you do?
(28:07 / All) BrP.pro.gaming: you will just wait me
(36:02 / All) BrP.pro.gaming: will you leave?
(36:38 / All) xXxBROLYxXx: ok i did now you
(37:53 / All) BrP.pro.gaming: what do you wanna do?
(39:00 / All) BrP.pro.gaming: attack me
(41:48 / All) BrP.pro.gaming: hmmmmmm
(41:57 / All) xXxBROLYxXx: k i attacked you
(43:50 / All) BrP.pro.gaming: stupid game
(45:06 / All) BrP.pro.gaming: so u are waiting when i will leave?
(45:18 / All) xXxBROLYxXx: dunno
(45:56 / All) BrP.pro.gaming: do you speak russian?
(47:15 / All) BrP.pro.gaming: it won`t give u anything
(48:56 / All) xXxBROLYxXx: hmmm
(50:28 / All) BrP.pro.gaming: what will we do?
(51:41 / All) xXxBROLYxXx: btw i win